 Dungeon Crawl Stone Soup version 0.31-a0-190-g4feb4907b2 (webtiles) character file.

Game seed: 4291011770196123510

177 qw the Skirmisher (level 5, -3/29 HPs)
             Began as a Deep Elf Hunter on June 23, 2023.
             Slain by an orc
             ... wielding a +0 mace
              (4 damage)
             ... on level 4 of the Dungeon.
             The game lasted 00:00:57 (2344 turns).

qw the Skirmisher (Deep Elf Hunter)                 Turns: 2344, Time: 00:00:57

Health: -3/29      AC:  8    Str: 10    XL:     5   Next: 30%
Magic:  7/7        EV: 12    Int: 14    God:
Gold:   137        SH:  0    Dex: 18    Spells: 4/4 levels left

rFire   . . .        j - +0 shortbow (heavy)
rCold   . . .        (shield currently unavailable)
rNeg    . . .        b - +0 ring mail
rPois   .            d - +0 helmet
rElec   .            (no cloak)
rCorr   .            c - +1 pair of gloves {Stlth+}
SInv    .            (no boots)
Will    .....        (no amulet)
Stlth   +++          (no ring)
HPRegen 0.24/turn    (no ring)
MPRegen 0.10/turn

%: no passive effects
@: about to teleport
A: mutation resistance 1, MP-powered wands, sturdy frame 1
a: no special abilities


You were on level 4 of the Dungeon.
You visited 1 branch of the dungeon, and saw 4 of its levels.

You collected 137 gold pieces.


Innate Abilities, Weirdness & Mutations

You are somewhat resistant to further mutation.
You expend magic power (3 MP) to strengthen your wands.
Your movements are slightly less encumbered by armour. (ER -2)


   Skills:
 - Level 1.5 Fighting
 + Level 8.8 Ranged Weapons
 - Level 2.4 Dodging
 - Level 1.2 Stealth


You had 4 spell levels left.
You didn't know any spells.
Your spell library was empty.

Inventory:

Hand Weapons
 j - a +0 heavy shortbow (weapon)
Armour
 b - a +0 ring mail (worn)
 c - a +1 pair of gloves of stealth (worn)
 d - a +0 helmet (worn)
Jewellery
 i - a +6 ring of intelligence
Scrolls
 g - a scroll of brand weapon
 h - a scroll of teleportation
Potions
 a - a potion of cancellation {unknown}
 e - a potion of might {unknown}
 f - a potion of invisibility {unknown}
 k - a potion of mutation

Dungeon Overview and Level Annotations

Branches:
Dungeon (4/15)
 Temple: D:4-7

Altars:

Shops:
D:1 =   D:4 :


Message History

The jackal moves out of view.
You shoot an arrow. The arrow hits the ufetubus!!
You kill the ufetubus!
You shoot an arrow. The arrow closely misses the orc.
A jackal comes into view.
You hear some strange, mumbled words.
You are confused.
Something hits you but does no damage. The orc closely misses you.
Something hits you but does no damage. The orc closely misses you.
You hear some strange, mumbled words.
A magic dart appears from out of thin air!
The magic dart hits you! The jackal closely misses you.
The orc barely misses you. Something hits you but does no damage.
The jackal misses you.
The jackal barks!
The jackal closely misses you. The orc hits you with a +0 mace.
Something hits you but does no damage. The jackal barely misses you.
The orc hits you with a +0 mace. Something hits you but does no damage.
You feel less confused. The jackal bites you. The orc hits you with a +0 mace.
Something hits you but does no damage.
The jackal bites you but does no damage.
2343 ||| READING 2 scrolls of teleportation.
As you read the scroll of teleportation, it crumbles to dust.
You feel strangely unstable.
The jackal bites you but does no damage.
The jackal closely misses you. The orc barely misses you. Something hits you.
You shoot an arrow. The arrow hits the orc.
The orc is moderately wounded.
The jackal closely misses you. x2; The jackal barely misses you.
The jackal bites you but does no damage.
The orc hits you but does no damage.
You hear some strange, mumbled words.
A magic dart appears from out of thin air!
The magic dart hits you. The jackal closely misses you.
Something hits you but does no damage. The jackal closely misses you.
The orc hits you with a +0 mace.
You die...

.#.##............# #.#
.#+##.......###..# #.#
....#.......##...###.#
............##.......#
................)....#
....###.##.#####.....#
....# #.##.###.......#
##### #..............#
######.#.h@.#.##
#....h{o..#
..........##
#.##.#..##.# # #.#..#
.# # #... .# ...) .
.... .


You could see an orc and 2 jackals.

Vanquished Creatures
  A hound (D:3)
  An orc priest (D:4)
  A gnoll (D:1)
  An adder (D:3)
  An ufetubus (D:4)
  A worm (D:2)
  2 dart slugs (D:2)
  8 orcs
  6 ball pythons
  6 bats
  2 endoplasms
  3 giant cockroaches
  8 hobgoblins
  3 jackals (D:1)
  9 kobolds
  3 quokkas
  2 frilled lizards (D:1)
  8 goblins
  9 rats
75 creatures vanquished.

Notes
Turn   | Place    | Note
-------+----------+-------------------------------------------
     0 | D:1      | qw the Deep Elf Hunter began the quest for the Orb.
     0 | D:1      | Reached XP level 1. HP: 12/12 MP: 3/3
     0 | D:1      | 0 ||| qw: Version: 0.3-a-9-g12657ce
     0 | D:1      | 0 ||| qw: Game counter: 4499
     0 | D:1      | 0 ||| qw: Always use a shield: true
     0 | D:1      | 0 ||| qw: God list: Okawaru
     0 | D:1      | 0 ||| qw: Allow faded altars: false
     0 | D:1      | 0 ||| qw: Do Orc after D:15 true
     0 | D:1      | 0 ||| qw: Do second Lair branch before Depths: true
     0 | D:1      | 0 ||| qw: Lair rune preference: random
     0 | D:1      | 0 ||| qw: Plans: Normal
     0 | D:1      | 0 ||| PLANNING D:1-11
   104 | D:1      | Found Kigg's Jewellery Shop.
   111 | D:1      | 111 ||| SHOPLISTING amulet of regeneration (300 gold, have
                  | 9).
   111 | D:1      | 111 ||| SHOPLISTING ring "Yskin" {Fly rF++ rN+ AC+4 Dex-5}
                  | (563 gold, have 9).
   111 | D:1      | 111 ||| SHOPLISTING ring of fire (250 gold, have 9).
   111 | D:1      | 111 ||| SHOPLISTING ring of see invisible (150 gold, have
                  | 9).
   177 | D:1      | Reached skill level 6 in Ranged Weapons
   177 | D:1      | Reached XP level 2. HP: 16/16 MP: 4/4
   606 | D:1      | Reached XP level 3. HP: 20/20 MP: 5/5
   744 | D:1      | 744 ||| UPGRADING to +0 helmet.
   749 | D:1      | 749 ||| READING scroll labelled LIPHOM VAURUS.
   750 | D:1      | 750 ||| DROPPING scroll of butterflies.
   972 | D:2      | Reached skill level 7 in Ranged Weapons
  1195 | D:2      | You fall into a shaft and drop 1 floor!
  1286 | D:3      | Reached XP level 4. HP: 25/25 MP: 6/6
  1341 | D:3      | 1341 ||| UPGRADING to +0 pair of gloves.
  1346 | D:3      | 1346 ||| READING scroll labelled TIYCZOMNUZ.
  1349 | D:3      | 1349 ||| READING 2 scrolls labelled VIRIASHR BIFIALOY.
  1350 | D:3      | 1350 ||| READING scroll labelled LEIROO ALIOX.
  1351 | D:3      | 1351 ||| READING scroll labelled FOMOJEPSAWN.
  1352 | D:3      | 1352 ||| READING scroll labelled XASEUD NUFEB.
  1353 | D:3      | 1353 ||| DROPPING scroll of revelation.
  1384 | D:2      | 1384 ||| FLEEEEING.
  1385 | D:2      | 1385 ||| FLEEEEING.
  1386 | D:2      | 1386 ||| FLEEEEING.
  1387 | D:2      | 1387 ||| FLEEEEING.
  1388 | D:2      | 1388 ||| FLEEEEING.
  1451 | D:2      | 1451 ||| FLEEEEING.
  1551 | D:2      | 1551 ||| UPGRADING to +0 ring mail.
  1561 | D:2      | 1561 ||| DROPPING +0 leather armour.
  1957 | D:3      | 1957 ||| UPGRADING to +1 pair of gloves of stealth.
  1967 | D:3      | 1967 ||| DROPPING +0 pair of gloves.
  1968 | D:3      | 1968 ||| READING scroll labelled AGAWKOSSOTS.
  1969 | D:3      | 1969 ||| READING scroll labelled ENLEIL ZIOQ.
  1970 | D:3      | 1970 ||| DRINKING 2 lumpy golden potions.
  1970 | D:3      | Gained mutation: You are somewhat resistant to further
                  | mutation. [potion of mutation]
  1970 | D:3      | Gained mutation: You expend magic power (3 MP) to
                  | strengthen your wands. [potion of mutation]
  1970 | D:3      | Gained mutation: Your movements are slightly less
                  | encumbered by armour. (ER -2) [potion of mutation]
  1995 | D:4      | Reached skill level 8 in Ranged Weapons
  1996 | D:4      | 1996 ||| STAIRDANCE
  2034 | D:4      | 2034 ||| STAIRDANCE
  2037 | D:3      | Reached XP level 5. HP: 14/29 MP: 7/7
  2199 | D:4      | Found Taix's Book Shoppe.
  2284 | D:4      | Identified the +5 flail "Qehickiz" {flame, Fly Will+}
  2342 | D:4      | HP: 4/29 [orc/+0 mace (5)]
  2343 | D:4      | 2343 ||| READING 2 scrolls of teleportation.
  2344 | D:4      | HP: 1/29 [something/magic dart (1)]
  2344 | D:4      | Slain by an orc

Levels and vault maps discovered:
D:1:      evilmike_arrival_crescent, layout_basic, serial_shops, shop
D:2:      layout_basic, minmay_pentomino_u4
D:3:      layout_basic
D:4:      layout_basic, serial_shops, nicolae_shop_just_a_little_nook

Skill      XL: |  1  2  3  4 |
---------------+-------------+-----
Ranged Weapons | 6 7 8 |  8.8
Fighting       | |  1.5
Dodging        | |  2.4
Stealth        | |  1.2

Action                     |  1- 3 |  4- 6 || total
---------------------------+-------+-------++-------
   Fire: Shortbow          |   136 |    59 ||   195
    Use: Scroll            |     1 |     8 ||     9
         Potion            |       |     1 ||     1
 Armour: Leather armour    |    17 |       ||    17
         Ring mail         |       |    29 ||    29
  Dodge: Dodged            |    37 |    33 ||    70

Table legend:
 A = Non-vault XP
 B = Vault XP
 C = Vault XP percentage of total XP
 D = Non-vault monster count
 E = Vault monster count
 F = Vault count percentage of total count
                 A         B        C        D         E       F
            +---------+---------+-------+---------+---------+-------
      Total |     248 |       5 |   2.0 |      71 |       4 |   5.3
            +---------+---------+-------+---------+---------+-------
        D:1 |      47 |       0 |   0.0 |      22 |       0 |   0.0
        D:2 |      46 |       5 |   9.8 |      22 |       4 |  15.4
        D:3 |      86 |       0 |   0.0 |      16 |       0 |   0.0
        D:4 |      69 |       0 |   0.0 |      11 |       0 |   0.0
            +---------+---------+-------+---------+---------+-------
